 Dungeon Crawl Stone Soup version 0.27-a0-1281-ge233d83751 (webtiles) character file.

Game seed: 17879643103583582557

4 DemonSlayer the Magician (level 1, -1/13 HPs)
             Began as a Human Wanderer on June 13, 2021.
             Slain by a goblin (2 damage)
             ... on level 1 of the Dungeon.
             The game lasted 00:01:36 (373 turns).

DemonSlayer the Magician (Human Wanderer)            Turns: 373, Time: 00:01:37

Health: -1/13      AC:  2    Str: 12    XL:     1   Next: 66%
Magic:  4/4        EV: 11    Int: 20    God:
Gold:   0          SH:  0    Dex: 10    Spells: 5/6 levels left

rFire    . . .     SeeInvis .   a - +0 club
rCold    . . .     Faith    .   (no shield)
rNeg     . . .     Spirit   .   d - +0 robe
rPois    .         Reflect  .   (no helmet)
rElec    .         Harm     .   (no cloak)
rCorr    .         Rampage  .   (no gloves)
Will     .....                  (no boots)
Stlth    +.........             (no amulet)
HPRegen  0.04/turn              b - +6 ring of intelligence
MPRegen  0.09/turn              (no ring)

@: no status effects
A: no striking features
a: no special abilities


You were on level 1 of the Dungeon.
You visited 1 branch of the dungeon, and saw 1 of its levels.

Inventory:

Hand Weapons
 a - a +0 club (weapon)
Armour
 d - a +0 robe (worn)
Jewellery
 b - a +6 ring of intelligence (left hand)
Potions
 c - a potion of curing {unknown}


   Skills:
 + Level 2.0 Throwing
 + Level 3.1 Spellcasting
 + Level 2.0 Hexes
 + Level 1.0 Summonings
 + Level 2.1 Earth Magic


You had 5 spell levels left.
You knew the following spells:

 Your Spells              Type           Power      Damage    Failure   Level
a - Corona                Hex            12%        N/A       6%          1

Your spell library contained the following spells:

 Spells                   Type           Power      Damage    Failure   Level
 Animate Skeleton         Necr           6%         N/A       14%         1
 Sting                    Tmut/Pois      12%        1d3       14%         1
 Ensorcelled Hibernation  Hex/Ice        14%        N/A       14%         2
 Confusing Touch          Hex            11%        N/A       19%         3
 Tukima's Dance           Hex            11%        N/A       19%         3
 Dazzling Flash           Conj/Hex       14%        N/A       28%         3
 Ignite Poison            Fire/Tmut/Pois 3%         N/A       38%         3
 Vampiric Draining        Necr           1%         2d6       38%         3


Dungeon Overview and Level Annotations

Branches:
Dungeon (1/15)

Altars:


Message History

You barely miss the bat.
The bat is moderately wounded.
The bat misses you. The bat closely misses you. The bat misses you.
The bat barely misses you.
You hit the bat.
The bat is severely wounded.
The bat stops glowing.
The bat closely misses you. The bat hits you.
The bat hits you but does no damage.
You hit the bat.
You kill the bat!
You start resting.
Magic restored.
You start resting.
HP restored.
You start waiting.
Done waiting.
Found a leather armour.
c - a ruby potion You open the door.
There is an open door here.
Found an escape hatch in the floor.
A hobgoblin comes into view.
The hobgoblin shouts!
A hobgoblin is nearby!
A goblin comes into view. It is wielding a +0 dagger.
The goblin shouts!
You hit the hobgoblin.
The hobgoblin is heavily wounded.
The hobgoblin hits you.
You hit the hobgoblin.
The hobgoblin is severely wounded.
The hobgoblin barely misses you. The hobgoblin hits you.
You hit the hobgoblin.
You kill the hobgoblin!
The goblin hits you but does no damage. The goblin barely misses you.
You closely miss the goblin. The goblin closely misses you.
You closely miss the goblin.
The goblin hits you with a +0 dagger. x2
* * * LOW HITPOINT WARNING * * *
You hit the goblin but do no damage. The goblin hits you with a +0 dagger.
You die...

#############'#.#..).######
#.....##.........
#.......#........
####.....#.#..#.....
#........#.#..#..###
#.............#..#
#........#.##.# .#
#...###..#....# .# #.g@#
..# ##.# #...# ..# ## #...#
.. ...>.. ## #######


You could see a goblin.

Vanquished Creatures
  2 bats (D:1)
  A hobgoblin (D:1)
  A kobold (D:1)
4 creatures vanquished.

Notes
Turn   | Place    | Note
-------+----------+-------------------------------------------
     0 | D:1      | DemonSlayer the Human Wanderer began the quest for the Orb.
     0 | D:1      | DemonSlayer set off with the following items: a +0 club, a
                  | +0 robe; and the following spells available to memorise:
                  | Corona, Animate Skeleton, Sting, Ensorcelled Hibernation,
                  | Confusing Touch, Tukima's Dance, Dazzling Flash, Ignite
                  | Poison, Vampiric Draining
     0 | D:1      | Reached XP level 1. HP: 13/13 MP: 4/4
     2 | D:1      | Learned a level 1 spell: Corona
   373 | D:1      | Slain by a goblin

Illustrated notes

Levels and vault maps discovered:
D:1:      evilmike_arrival_rings, layout_basic

Action                   || total
-------------------------++-------
Melee: Club              ||    16
 Cast: Corona            ||     1
Armor: Robe              ||     7
Dodge: Dodged            ||    17

Table legend: (Time is in decaauts)
 A = Elapsed time spent in this place.
 B = Non-inter-level travel time spent in this place.
 C = Inter-level travel time spent in this place.
 D = Time resting spent in this place.
 E = Time spent auto-exploring this place.
 F = Levels seen in this place.
 G = Mean time per level.
                   A        B        C        D        E       F      G
               +--------+--------+--------+--------+--------+-----+--------+
         Total |    377 |    375 |      2 |    243 |     69 |   1 |  377.0 |
       Dungeon |    377 |    375 |      2 |    243 |     69 |   1 |  377.0 |
               +--------+--------+--------+--------+--------+-----+--------+

Top non-repeatable levels by time:
     D:1: 377 daAuts
